 Dungeon Crawl Stone Soup version 0.30-a0-776-g08fbeb92c1 (webtiles) character file.

Game seed: 14042948229429764051

927 Conn the Firebug (level 8, -2/46 (47) HPs)
             Began as an Octopode Fire Elementalist on Feb 13, 2023.
             Was a Follower of Sif Muna.
             Slain by a wraith (8 damage)
             ... on level 5 of the Dungeon.
             The game lasted 00:17:56 (5741 turns).

Conn the Firebug (Octopode Fire Elementalist)       Turns: 5741, Time: 00:17:56

HP:   -2/46 (47)    AC:  1    Str:  7      XL:     8   Next: 10%
MP:   12/14         EV: 13    Int: 26      God:    Sif Muna [*.....]
Gold: 252           SH:  0    Dex: 14 (18) Spells: 9/15 levels left

rFire   . . .      SeeInvis .    c - +1 short sword (protect)
rCold   + . .      Faith    .    (no shield)
rNeg    . . .      Spirit   .    (helmet restricted)
rPois   .          Reflect  .    t - amulet of magic regeneration
rElec   .          Harm     .    n - ring of willpower
rCorr   .          Rampage  .    o - ring of protection from cold
Will    +....                    r - +6 ring of intelligence
Stlth   ++++                     u - +6 ring of dexterity
HPRegen 0.27/turn                (no ring)
MPRegen 0.54/turn                (no ring)
                                 (no ring)
                                 (no ring)

@: slowed, lightly drained, very slow
A: almost no armour, amphibious, 8 rings, camouflage 1, gelatinous body 1,
(nimble swimmer 1), tentacles
a: Renounce Religion, Channel Magic


You were on level 5 of the Dungeon.
You worshipped Sif Muna.
Sif Muna was aware of your devotion.
You visited 1 branch of the dungeon, and saw 5 of its levels.
You also visited: Sewer.

You collected 252 gold pieces.

Inventory:

Hand Weapons
 c - a +1 short sword of protection (weapon)
 d - a +0 short sword
 f - a +0 dagger of flaming
Armour
 b - a +3 kite shield
Jewellery
 n - a ring of willpower (left tentacle)
 o - a ring of protection from cold (right tentacle)
 r - a +6 ring of intelligence (on tentacle)
 t - an amulet of magic regeneration (around mantle)
 u - a +6 ring of dexterity (on tentacle)
Scrolls
 e - a scroll of enchant armour
 g - 3 scrolls of fog
 l - 3 scrolls of immolation
 s - 2 scrolls of torment
Potions
 a - 3 potions of magic
 h - 4 potions of might
 i - a potion of resistance
 j - 2 potions of flight
 k - a potion of lignification
 m - 2 potions of mutation {unknown}
 p - 2 potions of brilliance {unknown}


   Skills:
 + Level 0.9 Fighting
 + Level 1.4 Short Blades
 + Level 2.7 Dodging
 + Level 5.3 Stealth
 + Level 0.2 Unarmed Combat
 + Level 4.4 Spellcasting
 + Level 4.1 Conjurations
 + Level 5.6 Fire Magic


You had 9 spell levels left.
You knew the following spells:

 Your Spells              Type           Power      Damage    Failure   Level
a - Foxfire               Conj/Fire      100%       2x1d9     1%          1
c - Inner Flame           Hex/Fire       20%        N/A       8%          3
e - Scorch                Fire           70%        2d8       1%          2

Your spell library contained the following spells:

 Spells                   Type           Power      Damage    Failure   Level
 Magic Dart               Conj           100%       1d8       1%          1
 Searing Ray              Conj           54%        2d6       2%          2
 Beastly Appendage        Tmut           10%        N/A       9%          1
 Summon Small Mammal      Summ           20%        N/A       9%          1
 Flame Wave               Conj/Fire      31%        2d9       11%         4
 Ensorcelled Hibernation  Hex/Ice        10%        N/A       12%         2
 Passwall                 Tmut/Erth      4%         N/A       12%         2
 Wereblood                Tmut           5%         N/A       12%         2
 Kindle Blastsparks       Fire/Tloc/Air  30%        2d12      12%         3
 Call Canine Familiar     Summ           5%         N/A       24%         3
 Spider Form              Tmut/Pois      5%         N/A       24%         3
 Summon Guardian Golem    Hex/Summ       5%         N/A       24%         3
 Swiftness                Air            5%         N/A       24%         3
 Fulminant Prism          Conj/Hex       8%         3d7       34%         4


Dungeon Overview and Level Annotations

Branches:
Dungeon (5/15)             Temple (0/1) D:4           Sewer (visited)

Altars:
Nemelex Xobeh
Sif Muna
Uskayaw
Wu Jian
Xom
Yredelemnul


Innate Abilities, Weirdness & Mutations

You cannot wear most types of armour.
You are amphibious.
You can wear up to eight rings at the same time.
Your skin changes colour to match your surroundings (Stealth+).
Your rubbery body absorbs attacks. (AC +1, EV +1)
((You are camouflaged when in or above water. (Stealth+)))
You have tentacles for arms and can constrict up to eight enemies at once.


Message History

You are very lightly contaminated with residual magic.
Nothing appears to happen.
An iguana comes into view.
The necrophage hits you.
Unknown command.
The necrophage attacks as you move away!
The necrophage hits you. The wraith attacks as you move away!
The wraith closely misses you.
The necrophage attacks as you move away!
The necrophage hits you.
Casting: Scorch (safe; 1% risk of failure)
Confirm with . or Enter, or press ? or * to list all spells.
Okay, then.
Unknown command.
As you read the scroll labelled FOLONA ZOALAH, it crumbles to dust.
The creatures around you are filled with an inner flame!
It was a scroll of immolation.
The wraith barely misses you.
As you read the scroll labelled ESMEUD COOMI, it crumbles to dust.
Your body is wracked with pain!
It was a scroll of torment.
The wraith hits you!
* * * LOW HITPOINT WARNING * * *
The wraith drains your vigour!
You feel yourself slow down.
Press: ? - help, v - describe, . - travel
Here: a wraith (inner flame)
The floor.
Unknown command.
Unknown command.
Unknown command.
Unknown command.
Unknown command.
You feel better. The wraith hits you.
* * * LOW HITPOINT WARNING * * *
The wraith drains your vigour!
You feel as though you will be slow longer.
The necrophage hits you.
* * * LOW HITPOINT WARNING * * *
You feel drained.
Your magical contamination has completely faded away.
The wraith attacks as you move away! The wraith hits you!
You die...

..#+# #####... .. #.
..#.##........#.. #l .
#.#...... .....#... ..
#.#....####.#...#...#
#.#.......#.#.........
#(#.#.###.#.#.#...#...
#..<...)....#.h#...#.
##...#####.#.#..h#..$#
#....<....[#@#..#...#
#.###.######nW.#...#...
#.#........#h..........
#.#.#.####.#..........
#.#.#.#..# #.##########
#.#.#)#..# #.#
#.#.#)#..#.#.#
#.#.#).....#.#
#.#....#####.#


You could see a wraith (inner flame), a necrophage (inner flame) and a howler
monkey.

Vanquished Creatures
  The ghost of Jano the Shield-Bearer, an amateur DsFi (D:4)
  2 ogres (D:4)
  3 quasits (D:4)
  A hound (D:4)
  An orc priest (D:4)
  3 iguanas (D:4)
  4 orc wizards
  Natasha (twice) (D:4)
  Robin (D:3)
  8 adders
  3 gnolls (D:5)
  7 river rats
  An ufetubus (D:5)
  A worm (D:3)
  5 dart slugs
  9 orcs
  5 endoplasms
  2 giant cockroaches
  13 goblins
  8 hobgoblins
  7 kobolds
  5 quokkas
  12 ball pythons
  4 bats
  11 frilled lizards
  17 rats
136 creatures vanquished.

Vanquished Creatures (others)
  343 foxfires
343 creatures vanquished.

Grand Total: 479 creatures vanquished

Notes
Turn   | Place    | Note
-------+----------+-------------------------------------------
     0 | D:1      | Conn the Octopode Fire Elementalist began the quest for the
                  | Orb.
     0 | D:1      | Reached XP level 1. HP: 11/11 MP: 3/3
   307 | D:1      | Reached XP level 2. HP: 17/17 MP: 1/5
  1582 | D:2      | Reached XP level 3. HP: 21/21 MP: 6/6
  1709 | D:2      | Reached XP level 4. HP: 17/27 MP: 7/7
  2289 | D:3      | Learned a level 2 spell: Scorch
  2293 | D:3      | Learned a level 3 spell: Inner Flame
  2295 | D:3      | Noticed Robin
  2325 | D:3      | Reached XP level 5. HP: 17/31 MP: 1/9
  2464 | D:3      | Killed Robin
  2568 | D:3      | Found a glowing drain.
  2572 | Sewer    | Entered a sewer
  2865 | Sewer    | Reached skill level 1 in Short Blades
  2893 | Sewer    | Reached XP level 6. HP: 37/37 MP: 7/10
  3490 | D:3      | Found a shimmering altar of Xom.
  3490 | D:3      | Found a sparkling altar of Nemelex Xobeh.
  3490 | D:3      | Found an ornate altar of the Wu Jian Council.
  3492 | D:3      | Found a hide-covered altar of Uskayaw.
  3503 | D:3      | Found a basalt altar of Yredelemnul.
  4421 | D:4      | Found a shimmering blue altar of Sif Muna.
  4459 | D:4      | Became a worshipper of Sif Muna the Loreminder
  4593 | D:4      | Noticed Natasha
  4598 | D:4      | Killed Natasha
  4738 | D:4      | Found a transporter.
  4742 | D:4      | Noticed Jano's ghost (amateur DsFi)
  4752 | D:4      | Reached skill level 5 in Stealth
  4752 | D:4      | Reached XP level 7. HP: 42/42 MP: 8/12
  4799 | D:4      | Found a transporter.
  4801 | D:4      | Found a staircase to the Ecumenical Temple.
  5236 | D:4      | Reached skill level 5 in Fire Magic
  5538 | D:4      | Noticed Natasha
  5544 | D:4      | Killed Natasha
  5572 | D:4      | Killed Jano's ghost
  5573 | D:4      | Reached XP level 8. HP: 34/47 MP: 7/14
  5653 | D:5      | Entered Level 5 of the Dungeon
  5721 | D:5      | Reached * piety under Sif Muna
  5728 | D:5      | Noticed a wraith
  5741 | D:5      | Slain by a wraith

Illustrated notes

Levels and vault maps discovered:
D:1:      denvon_arrival_hothouse, layout_basic, minmay_bisected
D:2:      layout_loops_ring
D:3:      layout_rooms, minitemple, gup_sewer_entry_spiral, serial_rivers,
          chequers_serial_rivers_large_b, chequers_serial_rivers_large_a,
          chequers_serial_rivers_micro_e, chequers_serial_rivers_micro_b,
          chequers_serial_rivers_room_a, dreamdust_wishing_well,
          patterned_corridor, uniq_robin
D:4:      layout_layer_cave, mainiacjoe_overflow_paths, temple_doors_e,
          nicolae_ossuary_entry_ruins, gammafunk_ghost_stat_death,
          solitary_fountain, kennysheep_generic_room_14, uniq_natasha
D:5:      cheibrodos_fzero, layout_basic, nicolae_ru_the_path_less_chosen,
          uniq_edmund

Skill      XL: |  1  2  3  4  5  6  7 |
---------------+----------------------+-----
Stealth        | 3 4 5 |  5.3
Fire Magic     | 4 5 |  5.6
Conjurations   | 2 3 4 |  4.1
Spellcasting   | 3 4 |  4.4
Short Blades   | 1 |  1.4
Fighting       | |  0.9
Dodging        | |  2.7
Unarmed Combat | |  0.2

Action                     |  1- 3 |  4- 6 |  7- 9 || total
---------------------------+-------+-------+-------++-------
  Melee: Unarmed           |     6 |       |       ||     6
         Short sword       |     4 |    80 |    10 ||    94
         Dagger            |     6 |     7 |       ||    13
         Constrict         |     2 |    17 |     1 ||    20
         Tentacles         |     2 |    15 |       ||    17
         Punch             |       |     1 |     1 ||     2
   Cast: Foxfire           |    36 |   116 |    52 ||   204
         Scorch            |       |     6 |     5 ||    11
         Inner Flame       |       |       |     2 ||     2
    Use: Potion            |     2 |     7 |     1 ||    10
         Scroll            |       |     4 |     3 ||     7
   Stab: Sleeping          |     1 |    16 |     2 ||    19
 Armour: Skin              |     2 |    26 |     9 ||    37
  Dodge: Dodged            |     9 |    47 |    48 ||   104

Table legend: (Time is in decaauts)
 A = Elapsed time spent in this place.
 B = Non-inter-level travel time spent in this place.
 C = Inter-level travel time spent in this place.
 D = Time resting spent in this place.
 E = Time spent auto-exploring this place.
 F = Levels seen in this place.
 G = Mean time per level.
                   A        B        C        D        E       F      G
               +--------+--------+--------+--------+--------+-----+--------+
         Total |   5731 |   5626 |    105 |     89 |   4044 |   6 |  955.2 |
       Dungeon |   5101 |   4996 |    105 |     89 |   3687 |   5 | 1020.2 |
         Sewer |    629 |    629 |      0 |      0 |    357 |   1 |  629.0 |
               +--------+--------+--------+--------+--------+-----+--------+

Top non-repeatable levels by time:
     D:4: 1636 daAuts
     D:1: 1454 daAuts
     D:3: 1033 daAuts
     D:2: 888 daAuts
   Sewer: 629 daAuts
     D:5: 88 daAuts
